 Dungeon Crawl Stone Soup version 0.16.1-30-g34a7ffa (webtiles) character file.

1448 KurdyM the Grappler (level 8, -4/72 HPs)
             Began as a Troll Transmuter on June 17, 2015.
             Slain by a black bear (6 damage)
             ... on level 7 of the Dungeon.
             The game lasted 00:09:46 (6011 turns).

KurdyM the Grappler (Troll Transmuter)              Turns: 6011, Time: 00:09:46

Health: -4/72      AC:  6    Str: 19    XL:     8   Next: 46%
Magic:  6/6        EV: 10    Int:  9    God:
Gold:   266        SH:  0    Dex: 12    Spells: 1 memorised, 8 levels left

rFire  . . .     SeeInvis .       - Unarmed
rCold  . . .     Clarity  .     c - +0 robe
rNeg   . . .     SustAb   .     (shield restricted)
rPois  .         Gourm    +     (helmet restricted)
rElec  .         Spirit   .     i - +1 cloak
rCorr  .         Warding  .     (gloves unavailable)
rMut   .         Stasis   +     (boots unavailable)
MR     .....                    C - amulet of stasis
Stlth  +.........               (no ring)
                                y - ring of wizardry {Wiz+}

@: not resistant to hostile enchantments, very unstealthy
A: unfitting armour, claws 3, horns 1, deformed body, fast metabolism 3, frail
1, gourmand, regeneration 2, shaggy fur 1, tough skin 2
a: no special abilities


You were on level 7 of the Dungeon.
You were very full.

You visited 1 branch of the dungeon, and saw 7 of its levels.

You collected 365 gold pieces.
You spent 99 gold pieces at shops.

Inventory:

Hand weapons
 B - a +0 giant club
Missiles
 b - 66 arrows
 e - 221 stones (quivered)
 g - 8 tomahawks
 r - 47 poisoned needles
 I - 7 curare-tipped needles
 L - 8 tomahawks of dispersal {=f}
Armour
 c - a +0 robe (worn)
 i - a +1 cloak (worn)
Jewellery
 y - a ring of wizardry (left claw) {Wiz+}
 C - an amulet of stasis (around neck)
Magical devices
 o - a wand of hasting (2)
Scrolls
 f - 3 scrolls of remove curse
 j - 2 scrolls of immolation {unknown}
 p - 2 scrolls of noise {unknown}
 q - 2 scrolls of enchant weapon {unknown}
 s - a scroll of enchant armour
 x - a scroll of fear {unknown}
 z - 4 scrolls of fog
 E - a scroll of teleportation {unknown}
 F - a scroll of blinking {unknown}
 G - 2 scrolls of identify
Potions
 h - 2 potions of brilliance
 k - 3 potions of resistance
 m - 3 potions of magic
 n - 5 potions of curing
 J - a potion of might
Books
 d - a book of Changes
Comestibles
 a - 5 meat rations
 l - 4 bread rations
 u - 3 beef jerkies
 v - 2 slices of pizza
 N - 3 fruits


   Skills:
 + Level 5.3 Fighting
 - Level 1.5 Dodging
 + Level 8.9 Unarmed Combat
 - Level 1.2 Spellcasting
 - Level 1.3 Transmutations


You had 8 spell levels left.
You knew the following spells:

 Your Spells              Type           Power        Failure   Level  Hunger
a - Beastly Appendage     Trmt           #.....       9%          1    ##.....


Dungeon Overview and Level Annotations

Branches:
Dungeon (7/15)
 Temple: D:4-7

Altars:
Makhleb
Qazlal
Ru
The Shining One

Shops:
D:5 %(*!


Innate Abilities, Weirdness & Mutations

You are too large for most types of armour.
You have claws for hands.
Your metabolism is lightning-fast.
You like to eat raw meat.
You heal very quickly.
You are covered in fur (AC +1).
You have very tough skin (AC +2).
You have a pair of small horns on your head.
Armour fits poorly on your strangely shaped body.
You are frail (-10% HP).


Message History

Unknown command.
You mangle the orc warrior!!
You kill the orc warrior!
The orc priest hits you but does no damage.
Unknown command.
Unknown command.
You closely miss the orc priest. The orc priest barely misses you.
You claw the orc priest!
The orc priest begins to bleed from its wounds!
Your headbutt misses the orc priest.
You scratch the orc priest but do no damage.
You claw the orc priest.
You kill the orc priest!
You claw the orc!
You kill the orc!
You barely miss the orc. Your headbutt misses the orc.
The orc hits you but does no damage.
Unknown command.
You are too injured to fight recklessly!
You are too injured to fight recklessly!
You are too injured to fight recklessly!
You are too injured to fight recklessly!
Unknown command.
You scratch the orc.
The orc begins to bleed from its wounds!
You claw the orc!
You kill the orc!
The black bear bites you.
* * * LOW HITPOINT WARNING * * *
The black bear barely misses you.
The black bear claws you but does no damage.
Items here: ))) [ † a trident; a dagger; a trident; a scale mail; an orc corpse Unknown command.
You scratch the black bear.
The black bear begins to bleed from its wounds!
The black bear barely misses you.
The black bear claws you but does no damage.
The black bear closely misses you.
You claw the black bear! The black bear barely misses you.
The black bear closely misses you.
The black bear claws you but does no damage.
A centaur comes into view.
You closely miss the black bear.
The centaur shouts!
Your headbutt misses the black bear. You claw the black bear.
The black bear bites you.
* * * LOW HITPOINT WARNING * * *
The black bear claws you but does no damage.
The black bear claws you.
* * * LOW HITPOINT WARNING * * *
You take 3 damage, and have 29/72 hp.
You scratch the black bear. You headbutt the black bear.
The centaur wields a shortbow.
The centaur shoots an arrow.
The arrow hits you.
* * * LOW HITPOINT WARNING * * *
You take 3 damage, and have 26/72 hp.
Unknown command.
The centaur shoots an arrow.
The arrow closely misses you.
Unknown command.
Unknown command.
The black bear goes berserk!
The centaur shoots an arrow.
The arrow hits you!
* * * LOW HITPOINT WARNING * * *
Items here: ( ))) [ † You take 6 damage, and have 21/72 hp.
Unknown command.
The centaur shoots an arrow.
The arrow hits you.
* * * LOW HITPOINT WARNING * * *
You see here an arrow.
You take 4 damage, and have 17/72 hp.
Unknown command.
Unknown command.
Drink which item? (? for menu, Esc to quit)
You feel much better.
The centaur shoots an arrow.
The arrow hits you!
* * * LOW HITPOINT WARNING * * *
The black bear bites you!
* * * LOW HITPOINT WARNING * * *
The black bear claws you but does no damage.
The black bear closely misses you.
You take 5 damage, and have 12/72 hp.
Read which item? (? for menu, Esc to quit)
Okay, then.
Unknown command.
Drink which item? (? for menu, Esc to quit)
You feel better. The black bear bites you!
* * * LOW HITPOINT WARNING * * *
The black bear misses you. The black bear claws you.
* * * LOW HITPOINT WARNING * * *
The centaur shoots an arrow.
The arrow barely misses you. The black bear bites you.
* * * LOW HITPOINT WARNING * * *
The black bear claws you but does no damage.
The black bear claws you.
* * * LOW HITPOINT WARNING * * *
You take 11 damage, and have 1/72 hp.
Unknown command.
Unknown command.
The centaur shoots an arrow.
The arrow hits you but does no damage. The black bear bites you.
You die...

#. #).###.#
####.####......#
...............#
.....#.#.......#
...........#.÷..#
.....##'###.[..##
. ##...##<....#
##.....####..#
##(#@..#.## ..#
#.8h8.8.8.# #.#
#...........# .#
+.....(c....' .#
#...........#
##.8.8.8.8.#
##.#...#.#
##.....# #...#


You could see a black bear (berserk) and a centaur.

Vanquished Creatures
  A sky beast (D:6)
  An orc warrior (D:7)
  A centaur (D:5)
  2 ogres
  A phantom (D:4)
  A big kobold (D:6)
  A water moccasin skeleton (D:5)
  A scorpion (D:6)
  A goliath beetle (D:6)
  2 hounds
  A centaur zombie (D:5)
  A crimson imp (D:6)
  2 centaur skeletons
  4 orc priests
  3 worker ants (D:4)
  3 orc wizards
  Ijyb (D:4)
  A gnoll (D:1)
  A shadow imp (D:5)
  10 adders
  A giant mite (D:4)
  2 oozes
  25 orcs
  A ball python (D:3)
  2 bat skeletons
  10 goblins
  13 hobgoblins
  15 bats
  5 giant geckos
  A giant gecko zombie (D:5)
  3 giant newts
  4 jackals (D:6)
  19 kobolds
  A quokka (D:2)
  10 rats
151 creatures vanquished.

Vanquished Creatures (others)
  A giant cockroach (D:7)
1 creature vanquished.

Grand Total: 152 creatures vanquished

Notes
Turn   | Place    | Note
--------------------------------------------------------------
     0 | D:1      | KurdyM, the Troll Transmuter, began the quest for the Orb.
     0 | D:1      | Reached XP level 1. HP: 18/18 MP: 2/2
   111 | D:1      | Reached XP level 2. HP: 18/26 MP: 2/2
   255 | D:1      | Reached skill level 4 in Unarmed Combat
   454 | D:1      | Reached XP level 3. HP: 32/32 MP: 3/3
  1112 | D:2      | Reached XP level 4. HP: 38/40 MP: 4/4
  1551 | D:3      | Reached skill level 5 in Unarmed Combat
  1795 | D:3      | Reached XP level 5. HP: 36/46 MP: 4/4
  1812 | D:3      | Reached skill level 6 in Unarmed Combat
  2035 | D:3      | Reached skill level 1 in Fighting
  2406 | D:4      | Noticed a phantom
  2443 | D:4      | Killed a phantom
  2443 | D:4      | Reached XP level 6. HP: 39/57 MP: 5/5
  2708 | D:4      | Noticed Ijyb
  2724 | D:4      | Killed Ijyb
  2724 | D:4      | Reached skill level 2 in Fighting
  2858 | D:4      | Reached skill level 7 in Unarmed Combat
  2952 | D:4      | Reached skill level 3 in Fighting
  2952 | D:4      | Reached XP level 7. HP: 57/67 MP: 5/5
  3645 | D:5      | Entered Level 5 of the Dungeon
  4033 | D:5      | Found Qozuhub's General Store.
  4058 | D:5      | Bought a scroll of fog for 24 gold pieces
  4106 | D:5      | Found Seutean's Antique Weapon Boutique.
  4150 | D:5      | Found Joorov's Food Emporium.
  4464 | D:5      | Reached skill level 4 in Fighting
  4470 | D:5      | Found Saojoj's Distillery.
  4476 | D:5      | Bought a potion of heal wounds for 75 gold pieces
  4701 | D:5      | Reached skill level 8 in Unarmed Combat
  4723 | D:5      | Found a burning altar of Makhleb.
  5065 | D:6      | Reached XP level 8. HP: 79/79 MP: 6/6
  5149 | D:6      | Found a sacrificial altar of Ru.
  5181 | D:6      | Found a glowing golden altar of the Shining One.
  5208 | D:6      | Found a stormy altar of Qazlal.
  5739 | D:6      | Reached skill level 5 in Fighting
  5745 | D:6      | Gained mutation: You have a pair of small horns on your head. [mutagenic meat]
  5746 | D:6      | Gained mutation: You are frail (-10% HP). [mutagenic meat]
  5747 | D:6      | Gained mutation: Armour fits poorly on your strangely shaped body. [mutagenic meat]
  6008 | D:7      | HP: 17/72 [centaur/arrow (4)]
  6010 | D:7      | HP: 6/72 [black bear (3)]
  6010 | D:7      | HP: 1/72 [black bear (5)]
  6011 | D:7      | Slain by a black bear

Action                   |  1- 3 |  4- 6 |  7- 9 || total
-------------------------+-------+-------+-------++-------
Melee: Unarmed           |    89 |   183 |   175 ||   447
  Use: Scroll            |       |     4 |     5 ||     9
       Potion            |       |       |     8 ||     8
 Stab: Distracted        |       |       |     1 ||     1
       Sleeping          |       |       |     1 ||     1
  Eat: Chunk             |     6 |    21 |    31 ||    58
       Meat ration       |       |     1 |       ||     1

Vault maps used:
D:1:      dpeg_arrival_round_a
D:2:      minmay_door_path
D:3:      nicolae_overflow_hidden_temple, first_bread
D:4:      uniq_iyjb
D:5:      serial_shops, shop, nicolae_shop_stone, shop_coins,
          nicolae_shop_crystal, makhleb_blood_cavern_becter
D:6:      nicolae_qazlal_eye_of_the_storm, nicolae_ru_sacrificial_ziggurat,
          basic_altar, minmay_unpleasant_kobolds
D:7:      kennysheep_kobold_camp, amethyst_overflow_temple_binary,
          temple_garden, dk_noncrumbling_3, grunt_livestock,
          lemuel_flamethrower_2, uniq_joseph

Table legend:
 A = Turns spent in this place as a percentage of turns spent in the entire game.
 B = Non-inter-level travel turns spent in this place as a percentage of non-inter-level travel turns spent in the entire game.
 C = Inter-level travel turns spent in this place as a percentage of turns spent in this place.
 D = Turns resting spent in this place as a percentage of non-inter-level travel turns spent in this place.
 E = Turns spent auto-exploring this place as a percentage of non-inter-level travel turns spent in this place.
 F = Non-inter-level travel turns spent in this place divided by the number of levels of this place that you've seen.
                   A       B       C       D       E      F
               +-------+-------+-------+-------+-------+----------------------
         Total | 100.0 | 100.0 |   0.4 |   0.9 |   8.2 | 309.0
       Dungeon | 100.0 | 100.0 |   0.4 |   0.9 |   8.2 | 309.0
               +-------+-------+-------+-------+-------+----------------------

Table legend:
 A = Kills in this place as a percentage of kills in entire the game.
 B = Kills by you in this place as a percentage of kills by you in the entire game.
 C = Kills by friends in this place as a percentage of kills by friends in the entire game.
 D = Other kills in this place as a percentage of other kills in the entire game.
 E = Experience gained in this place as a percentage of experience gained in the entire game.
 F = Experience gained in this place divided by the number of levels of this place that you have seen.
                   A       B       C       D       E      F
               +-------+-------+-------+-------+-------+----------------------
         Total | 100.0 | 100.0 |  -nan |  -nan | 100.0 | 295.6
       Dungeon | 100.0 | 100.0 |  -nan |  -nan | 100.0 | 295.6
               +-------+-------+-------+-------+-------+----------------------
